 Dungeon Crawl Stone Soup version 0.23-a0-32-g1388f29e54 (webtiles) character file.

59 Esekla the Sneak (level 4, -4/32 HPs)
             Began as a Formicid Enchanter on Aug 3, 2018.
             Slain by a worker ant (5 damage)
             ... on level 3 of the Dungeon on Aug 4, 2018.
             The game lasted 00:24:57 (2076 turns).

Esekla the Sneak (Formicid Enchanter)               Turns: 2076, Time: 00:24:57

Health: -4/32      AC:  3    Str: 13    XL:     4   Next: 22%
Magic:  7/7        EV: 12    Int: 15    God:
Gold:   113        SH:  0    Dex: 11    Spells: 0/7 levels left

rFire    . . .     SeeInvis +   a - +2 dagger
rCold    . . .     Gourm    .   (no shield)
rNeg     . . .     Faith    .   b - +0 robe
rPois    .         Spirit   .   (helmet unavailable)
rElec    .         Reflect  .   (no cloak)
rCorr    .         Harm     .   l - +0 pair of gloves
MR       .....                  (no boots)
Stlth    ++........             (no amulet)
HPRegen  0.10/turn              (no ring)
MPRegen  0.10/turn              (no ring)

@: lethally poisoned (-4 -> -13)
A: permanent stasis, dig shafts and tunnels, four strong arms, antennae 3
a: Dig, Shaft Self


You were on level 3 of the Dungeon.
You were hungry.

You visited 1 branch of the dungeon, and saw 3 of its levels.

You collected 113 gold pieces.

Inventory:

Hand Weapons
 a - a +2 dagger (weapon)
 m - a +0 spear
Missiles
 e - 61 stones (quivered)
Armour
 b - a +0 robe (worn)
 l - a +0 pair of gloves (worn)
Scrolls
 k - a scroll of remove curse
Potions
 f - a potion of heal wounds {unknown}
 g - a potion of curing {unknown}
 j - 2 potions of agility {unknown}
 o - a potion of mutation {unknown}
Comestibles
 d - 3 rations


   Skills:
 * Level 1.3 Fighting
 * Level 2.2 Short Blades
 + Level 2.1 Dodging
 - Level 4.0 Stealth
 + Level 2.3 Spellcasting
 - Level 4.0 Hexes


You couldn't memorise any spells.
You knew the following spells:

 Your Spells              Type           Power        Failure   Level  Hunger
a - Corona                Hex            ##.....      4%          1    #......
b - Tukima's Dance        Hex            ##......     12%         3    ###....
c - Confuse               Hex            ##......     12%         3    ###....

Your spell library contained the following spells:

 Spells                   Type           Power        Failure   Level  Hunger
 Ensorcelled Hibernation  Hex/Ice        #.....       14%         2    ###....
 Dazzling Spray           Conj/Hex       #.....       28%         3    ###....


Dungeon Overview and Level Annotations

Branches:
Dungeon (3/15)

Altars:
Ru


Innate Abilities, Weirdness & Mutations

You cannot be hasted, slowed, berserked, paralysed or teleported.
You can dig through walls and to a lower floor.
Your four strong arms can wield two-handed weapons with a shield.
You have a pair of large antennae on your head. (SInv)


Message History

You are lethally poisoned!
The worker ant poisons you!
You hit the worker ant.
The worker ant is heavily wounded.
* * * LOW HITPOINT WARNING * * *
You feel sick. The worker ant closely misses you.
You hit the worker ant.
The worker ant is heavily wounded.
* * * LOW HITPOINT WARNING * * *
You feel sick. The worker ant barely misses you.
You hit the worker ant.
The worker ant is severely wounded.
* * * LOW HITPOINT WARNING * * *
You feel sick. The worker ant bites you.
* * * LOW HITPOINT WARNING * * *
You hit the worker ant but do no damage.
The worker ant is severely wounded.
* * * LOW HITPOINT WARNING * * *
You feel sick. The worker ant bites you.
You die...

####### #P.P^^#
# #P..PP#### .#
#.._..#..# .#
#..P.P#..# #.#
#^PPP.#..# ..#
###
#.###..#####..#
..#
#.##...'.@a..>#
..#
##..#...########
..# #.###...#
..######.##'###
.......#.##.#
..)###...##.#
....##.####.#
....##.# #.#
....##.# #.#


You could see a worker ant.

Vanquished Creatures
  An adder (D:2)
  An ooze (D:1)
  2 worms (D:2)
  3 dart slugs
  4 bats
  A giant cockroach (D:3)
  3 goblins
  4 hobgoblins
  A ball python (D:1)
  3 frilled lizards
  8 kobolds
  8 rats
39 creatures vanquished.

Notes
Turn   | Place    | Note
-------+----------+-------------------------------------------
     0 | D:1      | Esekla the Formicid Enchanter began the quest for the Orb.
     0 | D:1      | Reached XP level 1. HP: 13/13 MP: 3/3
   174 | D:1      | Reached XP level 2. HP: 18/20 MP: 3/5
   553 | D:1      | Reached XP level 3. HP: 17/25 MP: 6/6
   752 | D:2      | Reached skill level 1 in Fighting
  1117 | D:2      | Learned a level 3 spell: Tukima's Dance
  1657 | D:2      | Reached XP level 4. HP: 26/32 MP: 7/7
  1662 | D:2      | Learned a level 3 spell: Confuse
  2014 | D:3      | Found a sacrificial altar of Ru.
  2076 | D:3      | HP: 1/32 [poisoned by a worker ant]
  2076 | D:3      | Slain by a worker ant

Vault maps used:
D:1:      lightli_arrival_statue_moat, corexii_corridor_pit
D:3:      nicolae_ru_the_path_less_chosen

Skill      XL: |  1  2  3 |
---------------+----------+-----
Stealth        | 4 |  4.0
Fighting       | 1 |  1.3
Hexes          | 4 |  4.0
Dodging        | 2 |  2.1
Short Blades   | 2 |  2.2
Spellcasting   | |  2.3

Action                   |  1- 3 |  4- 6 || total
-------------------------+-------+-------++-------
Melee: Dagger            |   138 |    40 ||   178
Throw: Stone             |    14 |       ||    14
 Cast: Corona            |     6 |     1 ||     7
  Use: Scroll            |       |     7 ||     7
 Stab: Sleeping          |     4 |       ||     4
       Distracted        |       |     1 ||     1
  Eat: Ration            |     1 |       ||     1
Armor: Robe              |    24 |     3 ||    27
Dodge: Dodged            |    63 |    15 ||    78

Table legend:
 A = Spawn XP
 B = Non-spawn XP
 C = Spawn XP percentage of total XP
 D = Spawn monster count
 E = Non-spawn monster count
 F = Spawn count percentage of total count
 G = Total turns spent on level
                    A         B        C        D         E        F      G
               +---------+---------+-------+---------+---------+-------+---------
         Total |       0 |      85 |   0.0 |       0 |      39 |   0.0 |  2076
               +---------+---------+-------+---------+---------+-------+---------
           D:1 |       0 |      33 |   0.0 |       0 |      18 |   0.0 |   741
           D:2 |       0 |      48 |   0.0 |       0 |      19 |   0.0 |  1242
           D:3 |       0 |       4 |   0.0 |       0 |       2 |   0.0 |    93
               +---------+---------+-------+---------+---------+-------+---------
